 Dungeon Crawl Stone Soup version 0.26-a0-631-ged93497179 (webtiles) character file.

Game seed: 13891334048877678419

3147 Drevant2 the Arsonist (level 9, -6/45 HPs)
             Began as a Gargoyle Fire Elementalist on Sept 13, 2020.
             Was a Follower of Vehumet.
             Mangled by an ogre
             ... wielding a cursed -2 giant club
              (10 damage)
             ... on level 8 of the Dungeon.
             The game lasted 00:28:13 (9807 turns).

Drevant2 the Arsonist (Gargoyle Fire Elementalist)  Turns: 9807, Time: 00:28:13

Health: -6/45      AC:  8    Str: 11    XL:     9   Next: 93%
Magic:  2/15       EV: 12    Int: 20    God:    Vehumet [*.....]
Gold:   310        SH:  0    Dex: 10    Spells: 3/16 levels left

rFire    + + +     SeeInvis .   g - +2 dagger (venom)
rCold    x . .     Faith    +   (no shield)
rNeg     + . .     Spirit   .   x - +0 robe {MR+}
rPois    ∞         Reflect  .   (no helmet)
rElec    +         Harm     .   k - scarf {rC+ rF+}
rCorr    .         Rampage  .   (no gloves)
MR       +....                  (no boots)
Stlth    ++........             m - amulet of faith
HPRegen  0.15/turn              l - ring of fire
MPRegen  0.14/turn              o - ring of fire

@: no status effects
A: negative energy resistance 1, electricity resistance, unbreathing,
petrification resistance, rot immunity, AC +6
a: Renounce Religion


You were on level 8 of the Dungeon.
You worshipped Vehumet.
Vehumet was aware of your devotion.
You visited 2 branches of the dungeon, and saw 9 of its levels.

You collected 398 gold pieces.
You spent 88 gold pieces at shops.

Inventory:

Hand Weapons
 f - a +0 hand axe
 g - a +2 dagger of venom (weapon)
Armour
 a - a +0 robe
 k - a scarf of resistance (worn)
 x - a +0 robe of magic resistance (worn)
Jewellery
 e - an uncursed ring of flight
 l - a ring of fire (left hand)
 m - an amulet of faith (around neck)
 o - a ring of fire (right hand)
Wands
 t - a wand of disintegration (9)
Scrolls
 d - a scroll of identify
 i - 4 scrolls of teleportation
 j - 2 scrolls of magic mapping {unknown}
 n - 2 scrolls of blinking {unknown}
 p - a scroll of enchant armour {unknown}
 s - a scroll of immolation {unknown}
 w - 5 scrolls of remove curse {unknown}
Potions
 b - 3 potions of curing
 c - a potion of ambrosia
 h - a potion of invisibility
 q - 2 potions of brilliance
 r - a potion of flight
 v - a potion of mutation {unknown}


   Skills:
 - Level 1.8 Dodging
 - Level 2.1 Stealth
 - Level 4.2 Spellcasting
 + Level 8.1 Conjurations
 * Level 10.9 Fire Magic


You had 3 spell levels left.
You knew the following spells:

 Your Spells              Type           Power        Failure   Level
a - Foxfire               Conj/Fire      ####         1%          1
b - Conjure Flame         Conj/Fire      #######.     1%          3
c - Sticky Flame          Conj/Fire      #######.     2%          4
d - Fireball              Conj/Fire      #######...   7%          5

Your spell library contained the following spells:

 Spells                   Type           Power        Failure   Level
 Sandblast                Erth           #.....       13%         1
 Magic Dart               Conj           ####         1%          1
 Searing Ray              Conj           #####.       1%          2
 Inner Flame              Hex/Fire       ######..     4%          3
 Dazzling Flash           Conj/Hex       ###...       7%          3
 Fulminant Prism          Conj/Hex       ###.......   24%         4
 Iskenderun's Mystic Bla  Conj/Tloc      ###.....     24%         4


Dungeon Overview and Level Annotations

Branches:
Dungeon (8/15)             Temple (1/1) D:6            Lair (0/6) D:8

Altars:
Cheibriados
Dithmenos
Fedhas
Gozag
Kikubaaqudgha
Makhleb
Qazlal
Ru
Trog
Uskayaw
Vehumet
Zin

Shops:
D:4 *   D:5 !   D:6 *


Innate Abilities, Weirdness & Mutations

You are resistant to torment.
Your stone body is resilient. (AC +6)
You are immune to poison.
You resist negative energy. (rN+)
You are resistant to electric shocks. (rElec)
You can survive without breathing.
You are immune to petrification.
You are immune to rotting.


Message History

The ogre is moderately wounded.
The foxfire hits the ogre.
The ogre is moderately wounded.
The foxfire hits the ogre.
The ogre is heavily wounded.
You hit the ogre.
The ogre is severely wounded.
The ogre hits you with a cursed -2 giant club!!
Ouch! That really hurt!
You barely miss the ogre.
The ogre is severely wounded.
The ogre misses you.
You hit the ogre.
The ogre is severely wounded.
The ogre hits you with a cursed -2 giant club!!
* * * LOW HITPOINT WARNING * * *
You hit the ogre.
The ogre is poisoned.
The ogre is almost dead.
The ogre hits you with a cursed -2 giant club!
You die...

##.O.##.PP##...## #.
#.....#...#....# ###.
#...#...≈... #####...
##....#######..
#####.....## #......O..#
# ##.....#####
[.####.##.#########
#..#####
....(..##)#.......###.##
.....####...[.........#
......# ###....O@.#####
..(...# #.<...(.#
......# #.......#
.)....# #.......#
......# #.......#
.<...## #.......# ....##
#.......# #####
#########


You could see an ogre (very poisoned).

Vanquished Creatures
  A two-headed ogre (D:8)
  A phantom (D:4)
  2 ice beasts
  A sky beast (D:3)
  5 ogres
  3 centaurs
  A crocodile (D:8)
  A big kobold (D:7)
  A scorpion (D:4)
  6 killer bees
  7 wights
  A howler monkey (D:4)
  A bullfrog zombie (D:5)
  An orc priest (D:6)
  2 jellies
  4 bullfrog skeletons
  2 hounds
  A centaur skeleton (D:5)
  2 orc wizards
  Natasha (thrice) (D:4)
  An iguana (D:5)
  A worker ant (D:8)
  A hound zombie (D:7)
  A worker ant zombie (D:5)
  A howler monkey skeleton (D:4)
  8 adders
  A shadow imp (D:6)
  2 adder skeletons
  2 worms
  A dart slug (D:3)
  4 leopard geckos
  11 orcs
  8 bats
  7 giant cockroaches
  4 goblins
  7 hobgoblins
  5 jackals
  3 quokkas
  2 ball pythons
  7 frilled lizards
  8 kobolds
  A quokka zombie (D:5)
  10 rats
142 creatures vanquished.

Vanquished Creatures (others)
  312 foxfires
312 creatures vanquished.

Grand Total: 454 creatures vanquished

Notes
Turn   | Place    | Note
-------+----------+-------------------------------------------
     0 | D:1      | Drevant2 the Gargoyle Fire Elementalist began the quest for
                  | the Orb.
     0 | D:1      | Reached XP level 1. HP: 10/10 MP: 3/3
   368 | D:1      | Reached XP level 2. HP: 9/15 MP: 1/5
  1227 | D:2      | Reached XP level 3. HP: 19/19 MP: 2/6
  1268 | D:2      | Found a burning altar of Makhleb.
  1596 | D:2      | Found a faded altar of an unknown god.
  1632 | D:2      | Learned a level 3 spell: Conjure Flame
  1735 | D:2      | Found a blossoming altar of Fedhas.
  1830 | D:3      | Noticed a sky beast
  1841 | D:3      | Killed a sky beast
  1841 | D:3      | Reached skill level 4 in Fire Magic
  1841 | D:3      | Reached XP level 4. HP: 24/24 MP: 3/8
  1841 | D:3      | Reached XP level 5. HP: 28/28 MP: 3/9
  1851 | D:3      | Learned a level 4 spell: Sticky Flame
  3178 | D:4      | Reached skill level 5 in Fire Magic
  3178 | D:4      | Reached XP level 6. HP: 27/32 MP: 1/10
  3374 | D:4      | Found a bloodstained altar of Trog.
  3415 | D:4      | Noticed Natasha
  3460 | D:4      | Killed Natasha
  3655 | D:4      | Reached XP level 7. HP: 9/36 MP: 10/12
  3787 | D:4      | Noticed Natasha
  3960 | D:4      | Killed Natasha
  3960 | D:4      | Reached skill level 6 in Fire Magic
  3988 | D:4      | Noticed Natasha
  3994 | D:4      | Killed Natasha
  4075 | D:4      | Learned a level 5 spell: Fireball
  4406 | D:4      | Found Paqos's General Store.
  4413 | D:4      | Bought a potion of heal wounds for 55 gold pieces
  4413 | D:4      | Bought a scroll of identify for 22 gold pieces
  4413 | D:4      | Bought a potion of degeneration for 11 gold pieces
  4576 | D:5      | Entered Level 5 of the Dungeon
  4785 | D:5      | Found a shadowy altar of Dithmenos.
  4790 | D:5      | Reached XP level 8. HP: 41/41 MP: 9/14
  4949 | D:5      | Found Idixiup's Distillery.
  5064 | D:5      | Reached skill level 7 in Fire Magic
  5467 | D:5      | Reached skill level 5 in Conjurations
  5843 | D:6      | Found Upneeg's Mayhem Merchandise.
  5930 | D:6      | Found a staircase to the Ecumenical Temple.
  6028 | Temple   | Entered the Ecumenical Temple
  6076 | Temple   | Became a worshipper of Vehumet
  6194 | D:6      | Reached skill level 8 in Fire Magic
  7166 | D:6      | Reached XP level 9. HP: 45/45 MP: 7/15
  7499 | D:6      | Reached skill level 9 in Fire Magic
  8515 | D:7      | Reached * piety under Vehumet
  8515 | D:7      | Offered knowledge of Sandblast by Vehumet.
  9246 | D:8      | Found a staircase to the Lair.
  9255 | D:8      | Found an ancient bone altar of Kikubaaqudgha.
  9405 | D:8      | Reached skill level 10 in Fire Magic
  9760 | D:8      | Noticed a two-headed ogre
  9792 | D:8      | Killed a two-headed ogre
  9807 | D:8      | Mangled by an ogre

Illustrated notes

Levels and vault maps discovered:
D:1:      elethiomel_arrival_shortcut, layout_loops_ring
D:2:      layout_rooms, old_standard_altar, nicolae_overflow_hidden_temple,
          chequers_ecumenical_altar_twisty
D:3:      layout_loops_ring, minivault_24
D:4:      layout_basic, lightli_temple_of_fire, serial_shops, shop, uniq_natasha
D:5:      layout_loops_ring, nicolae_dithmenos_shadow_blocks, serial_shops, shop
D:6:      layout_basic, minmay_temple_entry_tees, minivault_11,
          minmay_shop_mayhem
D:7:      layout_loops_cross, serial_shops, shop
D:8:      layout_rooms, dpeg_oklobed_lair, serial_shops,
          nicolae_shop_statue_plus, basic_altar, columned_hall_lemuel
Temple:   minmay_crystal_spiral_temple

Skill      XL: |  1  2  3  4  5  6  7  8  9 |
---------------+----------------------------+-----
Conjurations   | 2 3 4 6 8 |  8.1
Fire Magic     | 4 5 6 8 10 | 10.9
Spellcasting   | 3 4 |  4.2
Dodging        | |  1.8
Stealth        | |  2.1

Action                   |  1- 3 |  4- 6 |  7- 9 || total
-------------------------+-------+-------+-------++-------
Melee: Unarmed           |     5 |       |       ||     5
       Dagger            |    14 |    57 |   215 ||   286
 Cast: Foxfire           |    44 |    46 |   143 ||   233
       Conjure Flame     |       |       |     8 ||     8
       Sticky Flame      |       |       |     5 ||     5
  Use: Scroll            |       |       |     8 ||     8
       Potion            |       |       |     5 ||     5
 Stab: Sleeping          |     4 |       |       ||     4
       Invisible         |       |       |     2 ||     2
Armor: Robe              |    12 |    27 |    88 ||   127
Dodge: Dodged            |    27 |    72 |   212 ||   311

Table legend: (Time is in decaauts)
 A = Elapsed time spent in this place.
 B = Non-inter-level travel time spent in this place.
 C = Inter-level travel time spent in this place.
 D = Time resting spent in this place.
 E = Time spent auto-exploring this place.
 F = Levels seen in this place.
 G = Mean time per level.
                   A        B        C        D        E       F      G
               +--------+--------+--------+--------+--------+-----+--------+
         Total |   9803 |   9353 |    450 |   3747 |   3986 |   9 | 1089.2 |
       Dungeon |   9715 |   9303 |    412 |   3747 |   3941 |   8 | 1214.4 |
        Temple |     88 |     50 |     38 |      0 |     45 |   1 |   88.0 |
               +--------+--------+--------+--------+--------+-----+--------+

Top non-repeatable levels by time:
     D:6: 1848 daAuts
     D:4: 1656 daAuts
     D:5: 1243 daAuts
     D:3: 1154 daAuts
     D:1: 1139 daAuts
     D:7: 1075 daAuts
     D:8: 973 daAuts
     D:2: 622 daAuts
  Temple: 88 daAuts
